 Dungeon Crawl Stone Soup version 0.32-a0-871-ge202e49faa (webtiles) character file.

Game seed: 13485373358691626661

28194 kae the Warrior (level 13, 0/116 HPs)
             Began as a Coglin Gladiator on Mar 29, 2024.
             Was an Elder of Okawaru.
             Succumbed to a naga's splash of poison
             ... on level 3 of the Lair of Beasts.
             The game lasted 00:13:30 (14607 turns).

kae the Warrior (Coglin Gladiator)                 Turns: 14607, Time: 00:13:31

Health: 0/116      AC: 19    Str: 14    XL:     13   Next: 37%
Magic:  16/16      EV: 14    Int:  9    God:    Okawaru [****..]
Gold:   771        SH:  0    Dex: 20    Spells: 12/12 levels left

rFire   . . .        B - +0 long sword (flame) {Florimund}
rCold   + . .        m - +10 zealot's sword {holy, Zealotry, *Rage rN+ EV+3}
rNeg    + . .        w - +7 Kryia's mail coat {PotionHeal*2 rC+}
rPois   .            c - +1 helmet
rElec   .            g - scarf {harm}
rCorr   .            y - +2 pair of gloves
SInv    .            (no boots)
Will    .....        (amulet unavailable) Stlth
                     (ring unavailable)
HPRegen 0.39/turn    (ring unavailable)
MPRegen 0.15/turn    (no gizmo)

%: random rage (20%), harm (+30% outgoing, +20% incoming)
@: lethally poisoned (0 -> -17), on berserk cooldown, slowed, studying Shields,
revved, very slow
A: off-hand wielding, slow wielding, warmup strikes, no jewellery
a: Invent Gizmo, Renounce Religion, Heroism, Finesse


You were on level 3 of the Lair of Beasts.
You worshipped Okawaru.
Okawaru was greatly pleased with you.
You visited 3 branches of the dungeon, and saw 16 of its levels.
You also visited: Sewer and Bailey.

You collected 1285 gold pieces.
You spent 514 gold pieces at shops.


Innate Abilities, Weirdness & Mutations

You can wield a second weapon in your off-hand.
It takes a long time for you to wield or remove held weapons.
Your first few attacks do less damage.
You cannot equip rings or amulets.


   Skills:
 + Level 15.5 Fighting
 - Level 14.0 Long Blades
 - Level 1.7 Throwing
 + Level 4.1 Armour
 + Level 5.1 Dodging
 + Level 4.5 Invocations


You had 12 spell levels left.
You didn't know any spells.
Your spell library contained the following spells:

 Spells                   Type           Power      Damage    Failure   Level
 Freeze                   Ice            0%         1d3       85%         1
 Kiss of Death            Conj/Necr      0%         2d5       85%         1
 Necrotise                Necr           0%         1d4       85%         1
 Ensorcelled Hibernation  Hex/Ice        0%         N/A       94%         2
 Confusing Touch          Hex            0%         N/A       99%         3
 Frozen Ramparts          Ice            0%         1d1       99%         3
 Hailstorm                Conj/Ice       0%         3d5       99%         3
 Passwall                 Erth           0%         N/A       99%         3
 Swiftness                Air            0%         N/A       99%         3
 Vampiric Draining        Necr           0%         2d6       99%         3
 Volatile Blastmotes      Fire/Tloc      0%         2d10      99%         3
 Dimensional Bullseye     Hex/Tloc       0%         N/A       100%        4
 Dispel Undead            Necr           0%         3d6       100%        4
 Iskenderun's Mystic Bla Conj/Tloc 0%             2d3        (+2d1     100%        4
 Passage of Golubria      Tloc           0%         N/A       100%        4
 Vhi's Electric Charge    Tloc/Air       0%         N/A       100%        4
 Curse of Agony           Necr           0%         N/A       100%        5
 Yara's Violent Unravell  Hex/Alch       0%         3d3       100%        5
 Bombard                  Conj/Erth      0%         9d1       100%        6
 Eringya's Noxious Bog    Alch           0%         4d6       100%        6
 Tukima's Dance           Hex            Unusable   N/A       N/A         3
 Martyr's Knell           Necr/Summ      Unusable   N/A       N/A         4
 Summon Forest            Summ/Tloc      Unusable   N/A       N/A         5
 Summon Hydra             Summ           Unusable   N/A       N/A         7

Inventory:

Hand Weapons
 a - a +1 long sword {Francisco}
 f - a +0 dagger {Arun}
 m - the +10 zealot's sword (offhand) {holy, Zealotry, *Rage rN+ EV+3}
   (You found it in a sewer)

   Zealotry:  Whenever the wielder enters a berserk rage, their allies are
   berserked alongside them.
   EV+3:      It affects your evasion (+3).
   rN+:       It protects you from negative energy.
   *Rage:     It berserks you when you make melee attacks (+20% chance).
 B - a +0 long sword of flaming (weapon) {Florimund}
   (You bought it in a shop on level 5 of the Dungeon)
 E - a +2 scimitar of holy wrath
   (You found it in a bailey)
 G - a +2 long sword
   (You took it off a wight on level 7 of the Dungeon)
 L - a +6 heavy long sword {Chinhae}
   (You took it off Maggie on level 7 of the Dungeon)
Missiles
 d - 7 throwing nets (quivered) {=f!f}
 e - 29 javelins
 j - 135 stones
 v - 22 poisoned darts
 O - 9 boomerangs
 V - a curare-tipped dart {=f}
Armour
 b - a +0 leather armour
 c - a +1 helmet (worn)
 g - a scarf of harm (worn)
   (You found it on level 1 of the Dungeon)
 w - the +7 Kryia's mail coat (worn) {PotionHeal*2 rC+}
   (You acquired it on level 4 of the Dungeon)

   PotionHeal*2: Potions heal its wearer twice as much.
   rC+:       It protects you from cold.
 y - a +2 pair of gloves (worn)
   (You bought it in a shop on level 5 of the Dungeon)
Jewellery
 n - a ring of positive energy
   (You found it on level 9 of the Dungeon)
 s - a +6 ring of strength
   (You found it on level 2 of the Dungeon)
 M - a ring of willpower
   (You found it on level 7 of the Dungeon)
 N - a ring of positive energy
   (You found it on level 6 of the Dungeon)
 R - a ring of resist corrosion
   (You found it on level 5 of the Dungeon)
Wands
 p - a wand of polymorph (10)
   (You found it on level 3 of the Dungeon)
 F - a wand of light (9)
   (You found it on level 6 of the Dungeon)
 P - a wand of roots (8)
   (You found it on level 7 of the Dungeon)
 T - a wand of mindburst (22)
   (You found it on level 8 of the Dungeon)
 W - a wand of digging (3)
   (You found it on level 11 of the Dungeon)
Scrolls
 h - 2 scrolls of noise {!r}
 k - a scroll of poison {!r}
 l - 4 scrolls of fog
 C - 2 scrolls of immolation {!r!r}
 D - 4 scrolls of fear
 H - 2 scrolls of blinking {!r}
 I - 8 scrolls of teleportation {@r4}
 K - 2 scrolls of revelation
 U - 3 scrolls of identify {@r1}
Potions
 i - a potion of berserk rage {!q}
 o - a potion of resistance
 q - a potion of might
 r - 2 potions of brilliance
 t - a potion of mutation {!q}
 u - 5 potions of heal wounds {@q2}
 x - a potion of ambrosia
 z - 4 potions of lignification {!q}
 A - 2 potions of cancellation
 J - a potion of invisibility
 Q - a potion of magic
 S - a potion of enlightenment
 X - 2 potions of curing {@q1}
 Z - a potion of degeneration {!q}
Miscellaneous
 Y - a lightning rod (4/4)
   (You found it on level 9 of the Dungeon)

Dungeon Overview and Level Annotations

Branches:
Dungeon (12/15) Zot: 24992  Temple (1/1) D:4 Zot: 5994    Lair (3/5) D:9 Zot: 15656
  Swamp (0/4) Lair:3          Orc (0/2) D:9           Sewer (visited)
 Bailey (visited)
  Snake: Lair:2-3    Spider: Lair:2-3

Altars:
Ashenzari
Cheibriados
Dithmenos
Elyvilon
Fedhas
Gozag
Hepliaklqana
Kikubaaqudgha
Makhleb
Nemelex Xobeh
Okawaru
Qazlal
Ru
Sif Muna
Trog
Uskayaw
Vehumet
Wu Jian
Xom
Yredelemnul
Zin
The Shining One

Shops:
D:3 =   D:5 * D:6

?
.....†........###....§§§
..#P..........# ....§§§
..#P.#.#..#.### ....§§
..............# .....
...#..##..##..# ######
#.######.####.####.....#
## ##..##..##.)......
#..###..#...#
#....†..).@.#
#..P##.##.N)#
#.........##......
#..........###....
#............. #####
#..............
#................
##...............


You could see a naga (catching breath).


Message History

You completely miss the naga with your +0 long sword of flaming.
You closely miss the naga with the +10 zealot's sword.
You feel sick. The naga hits you with a +0 hand axe. The naga grabs you.
The naga constricts you. 😕 HP[-8]
You take 8 damage, and now have 162/174 hp.
You slice the naga with your +0 long sword of flaming!!
You burn the naga!
You kill the naga!
Okawaru accepts your kill.
You feel sick.
You are no longer berserk.
You are exhausted.
You feel yourself slow down.
You feel sick.
Things that are here:
a +0 hand axe; a naga corpse; 😕 HP[-55]
You now have 116 max hp (-58).
You feel sick. The naga spits poison at you.
The splash of poison hits you but does no damage.
You are more poisoned.
A naga comes into view. It is wielding a +0 trident.
You feel very sick. The naga spits poison at you.
The splash of poison hits you but does no damage.
You are more poisoned.
The naga misses you. x2
The naga grabs you. The naga constricts you. 😕 HP[-11]
You take 11 damage, and now have 96/116 hp.
You closely miss the naga with your +0 long sword of flaming.
You closely miss the naga with the +10 zealot's sword.
You feel very sick.
The naga hits you but does no damage. x2; The naga constricts you. 😕 HP[-8]
You take 8 damage, and now have 88/116 hp.
Unknown command.
You barely miss the naga with your +0 long sword of flaming.
You barely miss the naga with the +10 zealot's sword.
You feel very sick.
The naga hits you but does no damage. x2; The naga constricts you. 😮 HP[-3]
You take 3 damage, and now have 85/116 hp.
Unknown command.
You slice the naga with the +10 zealot's sword!!
You slice the naga with your +0 long sword of flaming!!
You burn the naga.
You kill the naga!
Okawaru accepts your kill.
You feel very sick.
The naga hits you from afar with a +0 glaive!!
* * * LOW HITPOINT WARNING * * *
😨 HP[-28]
You take 28 damage, and now have 57/116 hp.
MASSIVE DAMAGE!! (PAUSE)
You slash the naga with your +0 long sword of flaming!
You burn the naga.
You completely miss the naga with the +10 zealot's sword.
You feel very sick. The naga barely misses you. The naga spits poison at you.
The splash of poison hits you.
You are more poisoned.
* * * LOW HITPOINT WARNING * * *
😨 HP[-10]
You take 10 damage, and now have 47/116 hp.
You slice the naga with the +10 zealot's sword!!
You kill the naga!
Okawaru accepts your kill.
You feel very sick. The naga barely misses you. 😨 HP[-4]
You take 4 damage, and now have 43/116 hp.
You feel very sick. The naga spits poison at you.
The splash of poison hits you!
You are more poisoned.
* * * LOW HITPOINT WARNING * * *
The naga closely misses you. The naga misses you. The naga closely misses you.
The naga barely misses you. The naga completely misses you. x2
You see here a +0 flail. 😱 HP[-21]
You take 21 damage, and now have 22/116 hp.
You hit the naga with your +0 long sword of flaming.
You burn the naga.
You closely miss the naga with the +10 zealot's sword.
* * * LOW HITPOINT WARNING * * *
You feel very sick. The naga hits you with a +0 trident!
* * * LOW HITPOINT WARNING * * *
The naga barely misses you. 😱 HP[-18]
You take 18 damage, and now have 4/116 hp.
You slice the naga with the +10 zealot's sword!!
You kill the naga!
Okawaru accepts your kill.
You die...

Skill      XL: |  1  2  3  4  5  6  7  8  9 10 11 12 13 |
---------------+----------------------------------------+-----
Long Blades    | 4 5 6 7 9 11 14 | 14.0
Fighting       | 9 13 15 | 15.5
Invocations    | 3 4 |  4.5
Dodging        | 4 5 |  5.1
Armour         | 2 4 |  4.1
Throwing       | |  1.7

Action                     |  1- 3 |  4- 6 |  7- 9 | 10-12 | 13-15 || total
---------------------------+-------+-------+-------+-------+-------++-------
  Melee: Long sword        |    78 |   114 |   111 |   256 |    61 ||   620
         Dagger            |    68 |   100 |       |       |       ||   168
         Eudemon blade     |       |     7 |   118 |   269 |    67 ||   461
         Unarmed           |       |       |       |    14 |       ||    14
  Evoke: Wand              |       |       |       |     7 |       ||     7
    Use: Scroll            |     5 |    10 |     5 |    12 |       ||    32
         Potion            |       |       |       |     3 |       ||     3
   Stab: Distracted        |       |       |       |     1 |       ||     1
         Confused          |       |       |       |     2 |       ||     2
 Armour: Leather armour    |    46 |    18 |       |       |       ||    64
         Scale mail        |       |    57 |    72 |   291 |    47 ||   467
         Skin              |       |       |       |    13 |       ||    13
  Dodge: Dodged            |    63 |    67 |    88 |   196 |    38 ||   452

Levels and vault maps discovered:
D:1:      dpeg_arrival_round_a, layout_basic
D:2:      layout_basic
D:3:      layout_basic, nicolae_shop_unique_rings, minmay_quantized
D:4:      layout_loops_ring, nicolae_overflow_squiral,
          minmay_temple_entry_junction, gup_sewer_entry_bowl
D:5:      layout_basic, serial_shops, shop, uniq_edmund
D:6:      lemuel_castle_with_subvaults [lemuel_castle_interior_carwin_3],
          layout_loops_ring, serial_shops, nicolae_shop_rolled_up,
          serial_rivers, chequers_serial_rivers_micro_c,
          chequers_serial_rivers_marsh, chequers_serial_rivers_small_b,
          chequers_serial_rivers_small_a, uniq_eustachio
D:7:      layout_layer_cave, uniq_maggie
D:8:      layout_cave_pods, enter_bailey_4, minmay_misc_feat_tiny, uniq_pikel,
          uniq_psyche
D:9:      layout_grid_maze, dpeg_oklobed_lair, orc_0_dummy, fountainhead,
          uniq_maurice
D:10:     layout_loops_ring, minitemple, moated_statue
D:11:     nrook_guardian_serpent_snake_passage, layout_basic,
          eino_house_with_fridge
D:12:     kennysheep_snake, layout_rooms, uniq_erolcha, uniq_josephine
Temple:   dpeg_three_leaves_temple
Lair:1:   layout_chaotic_city, chequers_serial_rivers_room_b, minivault_25,
          pdpol_lair_cavern_descent
Lair:2:   layout_gridlike
Lair:3:   layout_gridlike, swamp_mist, minmay_snake_entry_guardpost_medium,
          ebering_ghost_xom, uniq_kirke

Notes
Turn   | Place    | Note
-------+----------+-------------------------------------------
     0 | D:1      | kae the Coglin Gladiator began the quest for the Orb.
     0 | D:1      | Reached XP level 1. HP: 16/16 MP: 1/1
     0 | D:1      | magus.rc [v1.11.3]
   327 | D:1      | Reached XP level 2. HP: 22/22 MP: 2/2
   539 | D:1      | Reached skill level 4 in Long Blades
   685 | D:2      | Reached XP level 3. HP: 27/27 MP: 3/3
   958 | D:2      | Reached XP level 4. HP: 33/33 MP: 4/4
  1588 | D:3      | Reached skill level 5 in Long Blades
  1732 | D:3      | Found Gahobik's One-of-a-Kind Rings.
  1816 | D:3      | Noticed a scorpion
  1824 | D:3      | Killed a scorpion
  1825 | D:3      | Reached XP level 5. HP: 38/38 MP: 5/5
  1984 | D:3      | Reached skill level 6 in Long Blades
  2196 | D:4      | Identified 2 scrolls of acquirement
  2196 | D:4      | Acquired the +7 Kryia's mail coat {PotionHeal*2 rC+}
  2196 | D:4      | Found the +7 Kryia's mail coat {PotionHeal*2 rC+}
  2210 | D:4      | Acquired 337 gold pieces
  2331 | D:4      | Reached XP level 6. HP: 44/44 MP: 6/6
  2343 | D:4      | Found a glowing drain.
  2347 | Sewer    | Entered a sewer
  2379 | Sewer    | Reached skill level 7 in Long Blades
  2400 | Sewer    | Found the +10 zealot's sword {holy, Zealotry, *Rage rN+
                  | EV+3}
  2558 | D:4      | You pick up a book of Movement and begin reading...
  2558 | D:4      | You add the spells Passwall, Volatile Blastmotes, Vhi's
                  | Electric Charge and Bombard to your library.
  2768 | D:4      | Reached XP level 7. HP: 36/50 MP: 7/7
  2845 | D:4      | You add the spells Summon Forest, Eringya's Noxious Bog and
                  | Summon Hydra to your library.
  2854 | D:4      | Reached skill level 8 in Long Blades
  2920 | D:4      | Found a snail-covered altar of Cheibriados.
  2923 | D:4      | Found a sacrificial altar of Ru.
  3018 | D:4      | Found a staircase to the Ecumenical Temple.
  3027 | Temple   | Entered the Ecumenical Temple
  3330 | D:5      | Entered Level 5 of the Dungeon
  3336 | D:5      | Noticed Edmund
  3340 | D:5      | Killed Edmund
  3365 | D:5      | Reached skill level 9 in Long Blades
  3433 | D:5      | Reached XP level 8. HP: 56/56 MP: 8/8
  3517 | D:5      | Found Tuploraudo's Assorted Antiques.
  3548 | D:5      | Reached skill level 10 in Long Blades
  3556 | D:5      | Bought a fizzy grey potion for 18 gold pieces
  3556 | D:5      | Bought a glowing blue potion for 18 gold pieces
  3556 | D:5      | Bought a pair of runed gloves for 150 gold pieces
  3556 | D:5      | Bought a glowing long sword for 130 gold pieces
  3957 | D:5      | You pick up a book of Touch and begin reading...
  3957 | D:5      | You add the spells Kiss of Death, Confusing Touch and
                  | Dispel Undead to your library.
  4236 | D:6      | Reached skill level 11 in Long Blades
  4321 | D:6      | Reached XP level 9. HP: 61/61 MP: 9/9
  4406 | D:6      | Noticed Eustachio
  4413 | D:6      | Reached skill level 12 in Long Blades
  4419 | D:6      | Killed Eustachio
  4623 | D:6      | Reached skill level 13 in Long Blades
  4679 | D:6      | Found Ubouwnyo's Magic Scroll Shop.
  4682 | D:6      | Bought a scroll of identify for 24 gold pieces
  4683 | D:6      | Bought a scroll of identify for 24 gold pieces
  4683 | D:6      | Bought a scroll of identify for 24 gold pieces
  4683 | D:6      | Bought a scroll of blinking for 90 gold pieces
  4683 | D:6      | Bought a scroll of teleportation for 36 gold pieces
  4683 | D:6      | magus.rc [v1.11.3]
  5232 | D:6      | Noticed a troll
  5238 | D:6      | Killed a troll
  5239 | D:6      | Reached skill level 14 in Long Blades
  5239 | D:6      | Reached XP level 10. HP: 41/68 MP: 10/10
  5251 | D:6      | Reached skill level 3 in Fighting
  5314 | D:6      | You add the spells Tukima's Dance, Passage of Golubria and
                  | Yara's Violent Unravelling to your library.
  5357 | D:6      | You pick up a book of Necromancy and begin reading...
  5357 | D:6      | You add the spells Necrotise, Vampiric Draining, Martyr's
                  | Knell and Curse of Agony to your library.
  5376 | D:6      | Reached skill level 4 in Fighting
  5840 | D:7      | Noticed Maggie
  5846 | D:7      | Killed Maggie
  5847 | D:7      | Reached skill level 5 in Fighting
  5997 | D:7      | Reached skill level 6 in Fighting
  6948 | D:8      | Found a flagged portal.
  6999 | Bailey   | Entered a bailey
  7217 | Bailey   | Reached skill level 7 in Fighting
  7347 | Bailey   | Identified a +0 crystal plate armour
  7361 | Bailey   | Reached skill level 8 in Fighting
  7567 | Bailey   | Reached skill level 9 in Fighting
  7578 | Bailey   | Reached XP level 11. HP: 52/89 MP: 11/11
  8131 | D:8      | Noticed Psyche
  8140 | D:8      | Killed Psyche
  8389 | D:8      | Reached skill level 10 in Fighting
  8460 | D:8      | Noticed a two-headed ogre
  8469 | D:8      | Killed a two-headed ogre
  8772 | D:8      | You pick up a book of Frost and begin reading...
  8772 | D:8      | You add the spells Freeze, Frozen Ramparts and Hailstorm to
                  | your library.
  9042 | D:8      | Noticed Pikel
  9051 | D:8      | Killed Pikel
  9100 | D:9      | Found a staircase to the Lair.
  9128 | D:9      | Reached skill level 11 in Fighting
  9217 | D:9      | You fall into a shaft and drop 3 floors!
  9230 | D:12     | Noticed a cyan ugly thing
  9531 | D:11     | You pick up a book of Burglary and begin reading...
  9531 | D:11     | You add the spells Ensorcelled Hibernation and Swiftness to
                  | your library.
  9582 | D:11     | Noticed a necromancer
  9586 | D:11     | Reached skill level 12 in Fighting
  9589 | D:11     | Killed a necromancer
  9737 | D:11     | Noticed a manticore
  9744 | D:11     | Killed a manticore
  9923 | D:11     | Noticed a cyclops
  9929 | D:11     | Killed a cyclops
  9930 | D:11     | Reached skill level 13 in Fighting
  9930 | D:11     | Reached XP level 12. HP: 105/105 MP: 12/12
 10278 | D:11     | Noticed a boulder beetle
 10283 | D:11     | Killed a boulder beetle
 10399 | D:10     | Entered Level 10 of the Dungeon
 10413 | D:10     | You pick up a book of Weapons and begin reading...
 10413 | D:10     | You add the spells Dimensional Bullseye and Iskenderun's
                  | Mystic Blast to your library.
 10508 | D:10     | Noticed a two-headed ogre
 10522 | D:10     | Killed a two-headed ogre
 10523 | D:10     | Reached skill level 14 in Fighting
 10810 | D:9      | Found a staircase to the Orcish Mines.
 10909 | D:9      | Noticed Maurice
 10916 | D:9      | Maurice stole a +6 ring of strength
 10921 | D:9      | Maurice stole 29 javelins
 10923 | D:9      | Maurice stole a +2 long sword
 10924 | D:9      | Maurice stole a lightning rod (4/4)
 10925 | D:9      | Maurice stole 477 gold
 11278 | D:9      | Killed Maurice
 11811 | D:10     | Found a hazy altar of Hepliaklqana.
 11819 | D:10     | Found a stormy altar of Qazlal.
 11825 | D:10     | Found a white marble altar of Elyvilon.
 11826 | D:10     | Found a shimmering altar of Xom.
 11826 | D:10     | Found a burning altar of Makhleb.
 11826 | D:10     | Found a blossoming altar of Fedhas.
 11826 | D:10     | Found a sparkling altar of Nemelex Xobeh.
 11827 | D:10     | Found a shimmering blue altar of Sif Muna.
 11828 | D:10     | Found an iron altar of Okawaru.
 11830 | D:10     | Found a basalt altar of Yredelemnul.
 11832 | D:10     | Became a worshipper of Warmaster Okawaru
 11834 | D:10     | Found a shadowy altar of Dithmenos.
 12368 | Lair:1   | Entered Level 1 of the Lair of Beasts
 12445 | Lair:1   | Reached skill level 1 in Invocations
 12500 | Lair:1   | Reached skill level 2 in Invocations
 12627 | Lair:1   | Reached * piety under Okawaru
 12895 | Lair:1   | Reached skill level 3 in Dodging
 13047 | Lair:1   | Noticed a boulder beetle
 13062 | Lair:1   | Reached skill level 1 in Armour
 13064 | Lair:1   | Noticed a boulder beetle
 13067 | Lair:1   | Reached skill level 15 in Fighting
 13073 | Lair:1   | Reached skill level 3 in Invocations
 13244 | Lair:1   | Killed a boulder beetle
 13244 | Lair:1   | Reached ** piety under Okawaru
 13245 | Lair:1   | Reached skill level 2 in Armour
 13313 | Lair:1   | Killed a boulder beetle
 13480 | Lair:1   | You pick up a book of Movement and begin reading...
 13644 | Lair:2   | Reached skill level 4 in Dodging
 13650 | Lair:2   | Reached XP level 13. HP: 115/115 MP: 15/15
 13741 | Lair:2   | Reached *** piety under Okawaru
 13751 | Lair:2   | Reached skill level 3 in Armour
 13955 | Lair:2   | Reached skill level 4 in Invocations
 14437 | Lair:3   | Reached **** piety under Okawaru
 14439 | Lair:3   | Reached skill level 5 in Dodging
 14548 | Lair:3   | Found a staircase to the Swamp.
 14586 | Lair:3   | Reached skill level 4 in Armour
 14605 | Lair:3   | HP: 22/116 [naga/splash of poison (15)]
 14606 | Lair:3   | HP: 4/116 [naga/+0 trident (14)]
 14607 | Lair:3   | Succumbed to a naga's splash of poison

Vanquished Creatures
  2 two-headed ogres
  3 boulder beetles
  A death yak (Lair:2)
  A necromancer (D:11)
  Pikel (D:8)
  A manticore (D:11)
  A cyclops (D:11)
  Maurice (D:9)
  2 guardian serpents (D:11)
  5 black mambas
  3 torpor snails
  Maggie (D:7)
  2 unseen horrors (D:11)
  6 cane toads
  3 komodo dragons
  Psyche (D:8)
  A polar bear (D:11)
  2 trolls
  A hornet (D:11)
  8 blink frogs
  A shadow (D:10)
  2 wyverns (D:8)
  A wraith (D:11)
  Eustachio (D:6)
  16 yaks
  3 basilisks
  2 steam dragons
  3 vampire mosquitoes (D:11)
  Edmund (D:5)
  4 nagas (Lair:3)
  8 water moccasins
  2 ice beasts (D:5)
  2 black bears
  17 orc warriors
  2 sky beasts
  12 wolves
  9 centaurs (Bailey)
  5 ogres
  A crocodile (Sewer)
  2 lemures (D:8)
  4 kobold brigands
  11 bullfrogs
  A brain worm (Sewer)
  A gnoll sergeant (D:6)
  4 scorpions
  3 wights (D:7)
  3 killer bees (D:8)
  10 howler monkeys
  3 bombardier beetles
  4 electric eels
  8 hounds
  3 jellies
  5 gnoll boudas
  9 orc priests
  An iguana (D:5)
  3 sleepcaps (D:5)
  12 orc wizards
  2 polar bear simulacra (D:11)
  4 yak simulacra (D:11)
  3 wolf simulacra (D:11)
  12 adders
  24 gnolls
  3 shadow imps
  3 white imps
  2 ufetubi (D:5)
  3 dart slugs
  A ribbon worm (D:4)
  50 orcs
  11 endoplasms
  4 giant cockroaches
  10 goblins
  6 hobgoblins
  2 jackals (D:2)
  3 quokkas
  5 ball pythons
  14 bats
  4 frilled lizards
  17 kobolds
  7 rats
  2 river rat simulacra (D:11)
417 creatures vanquished.

Vanquished Creatures (others)
  An orc (Bailey)
1 creature vanquished.

Grand Total: 418 creatures vanquished

Table legend:
 A = Non-vault XP
 B = Vault XP
 C = Vault XP percentage of total XP
 D = Non-vault monster count
 E = Vault monster count
 F = Vault count percentage of total count
                 A         B        C        D         E       F
            +---------+---------+-------+---------+---------+-------
      Total |   26410 |   14034 |  34.7 |     262 |     153 |  36.9
            +---------+---------+-------+---------+---------+-------
        D:1 |      30 |       0 |   0.0 |      18 |       0 |   0.0
        D:2 |      63 |       0 |   0.0 |      22 |       0 |   0.0
        D:3 |     137 |       6 |   4.2 |      13 |       4 |  23.5
        D:4 |     352 |       6 |   1.7 |      21 |       4 |  16.0
        D:5 |     908 |     164 |  15.3 |      21 |       1 |   4.5
        D:6 |     766 |    2772 |  78.3 |      18 |      52 |  74.3
        D:7 |    1038 |     404 |  28.0 |      19 |       1 |   5.0
        D:8 |    2164 |     949 |  30.5 |      33 |       7 |  17.5
        D:9 |    1587 |     494 |  23.7 |      18 |       1 |   5.3
       D:10 |    2439 |       0 |   0.0 |      16 |       0 |   0.0
       D:11 |    4416 |    2487 |  36.0 |      12 |      17 |  58.6
     Lair:1 |    4238 |    3443 |  44.8 |      16 |      11 |  40.7
     Lair:2 |    5689 |       0 |   0.0 |      20 |       0 |   0.0
     Lair:3 |    2583 |     643 |  19.9 |      15 |       4 |  21.1
      Sewer |       0 |     213 | 100.0 |       0 |       9 | 100.0
     Bailey |       0 |    2453 | 100.0 |       0 |      42 | 100.0
            +---------+---------+-------+---------+---------+-------

Skill      XL: |  1  2  3  4  5  6  7  8  9 10 11 12 13 |
---------------+----------------------------------------+-----
Long Blades    | 4 5 6 7 9 11 14 | 14.0
Fighting       | 9 13 15 | 15.5
Invocations    | 3 4 |  4.5
Dodging        | 4 5 |  5.1
Armour         | 2 4 |  4.1
Throwing       | |  1.7

Action                     |  1- 3 |  4- 6 |  7- 9 | 10-12 | 13-15 || total
---------------------------+-------+-------+-------+-------+-------++-------
  Melee: Long sword        |    78 |   114 |   111 |   256 |    61 ||   620
         Dagger            |    68 |   100 |       |       |       ||   168
         Eudemon blade     |       |     7 |   118 |   269 |    67 ||   461
         Unarmed           |       |       |       |    14 |       ||    14
  Evoke: Wand              |       |       |       |     7 |       ||     7
    Use: Scroll            |     5 |    10 |     5 |    12 |       ||    32
         Potion            |       |       |       |     3 |       ||     3
   Stab: Distracted        |       |       |       |     1 |       ||     1
         Confused          |       |       |       |     2 |       ||     2
 Armour: Leather armour    |    46 |    18 |       |       |       ||    64
         Scale mail        |       |    57 |    72 |   291 |    47 ||   467
         Skin              |       |       |       |    13 |       ||    13
  Dodge: Dodged            |    63 |    67 |    88 |   196 |    38 ||   452

Illustrated notes

Table legend:
 A = Kills in this place as a percentage of kills in the entire game.
 B = Kills by you in this place as a percentage of kills by you in the entire game.
 C = Kills by friends in this place as a percentage of kills by friends in the entire game.
 D = Other kills in this place as a percentage of other kills in the entire game.
 E = Experience gained in this place as a percentage of experience gained in the entire game.
 F = Experience gained in this place divided by the number of levels of this place that you have seen.
                   A       B       C       D       E      F
               +-------+-------+-------+-------+-------+----------------------
         Total | 100.0 | 100.0 |   N/A |   N/A | 100.0 | 2246.9
       Dungeon |  71.8 |  71.8 |   N/A |   N/A |  52.4 | 1765.2
          Lair |  15.9 |  15.9 |   N/A |   N/A |  41.0 | 5532.0
         Sewer |   2.2 |   2.2 |   N/A |   N/A |   0.5 | 213.0
        Bailey |  10.1 |  10.1 |   N/A |   N/A |   6.1 | 2453.0
               +-------+-------+-------+-------+-------+----------------------

Table legend: (Time is in decaauts)
 A = Elapsed time spent in this place.
 B = Non-inter-level travel time spent in this place.
 C = Inter-level travel time spent in this place.
 D = Time resting spent in this place.
 E = Time spent auto-exploring this place.
 F = Levels seen in this place.
 G = Mean time per level.
                   A        B        C        D        E       F      G
               +--------+--------+--------+--------+--------+-----+--------+
         Total |  15172 |  14575 |    597 |   1486 |  10512 |  18 |  842.9 |
       Dungeon |  11539 |  11007 |    532 |    919 |   8425 |  12 |  961.6 |
        Temple |      5 |      1 |      4 |      0 |      0 |   1 |    5.0 |
          Lair |   2343 |   2282 |     61 |    318 |   1662 |   3 |  781.0 |
         Sewer |    187 |    187 |      0 |      0 |     98 |   1 |  187.0 |
        Bailey |   1096 |   1096 |      0 |    248 |    326 |   1 | 1096.0 |
               +--------+--------+--------+--------+--------+-----+--------+

Top non-repeatable levels by time:
     D:6: 1690 daAuts
     D:8: 1505 daAuts
  Lair:1: 1300 daAuts
    D:11: 1258 daAuts
     D:7: 1130 daAuts
  Bailey: 1096 daAuts
     D:4: 1006 daAuts
     D:9: 994 daAuts
    D:10: 862 daAuts
     D:5: 833 daAuts
     D:2: 820 daAuts
  Lair:2: 816 daAuts
     D:3: 746 daAuts
     D:1: 674 daAuts
  Lair:3: 226 daAuts
